 Dungeon Crawl Stone Soup version 0.28.0-53-g5a82cb258f (webtiles) character file.

Game seed: 7203604044240979654

16 Sin92 the Skirmisher (level 2, 0/24 HPs)
             Began as a Demonspawn Fighter on June 8, 2022.
             Slain by a gnoll
             ... wielding a +2 vorpal halberd
              (7 damage)
             ... on level 2 of the Dungeon.
             The game lasted 00:01:03 (1339 turns).

Sin92 the Skirmisher (Demonspawn Fighter)           Turns: 1339, Time: 00:01:04

Health: 0/24       AC:  6    Str: 16    XL:     2   Next: 41%
Magic:  2/2        EV:  9    Int:  9    God:
Gold:   23         SH:  4    Dex: 12    Spells: 1/1 levels left

rFire   . . .      SeeInvis .   a - +0 trident
rCold   . . .      Faith    .   c - +0 buckler
rNeg    . . .      Spirit   .   b - +0 scale mail
rPois   .          Reflect  .   (no helmet)
rElec   .          Harm     .   (no cloak)
rCorr   .          Rampage  .   (no gloves)
Will    .....                   (no boots)
Stlth   ..........              (no amulet)
HPRegen 0.08/turn               (no ring)
MPRegen 0.08/turn               (no ring)

@: no status effects
A: spiny 1
a: no special abilities


You were on level 2 of the Dungeon.
You visited 1 branch of the dungeon, and saw 2 of its levels.

You collected 23 gold pieces.

Inventory:

Hand Weapons
 a - a +0 trident (weapon)
Armour
 b - a +0 scale mail (worn)
 c - a +0 buckler (worn)
Scrolls
 f - a scroll of immolation {unknown}
Potions
 d - a potion of might
 e - a potion of curing {unknown}
 g - a potion of flight {unknown}
 h - 2 potions of resistance {unknown}
 i - a potion of attraction {unknown}
 j - 2 potions of cancellation {unknown}


   Skills:
 + Level 3.1 Fighting
 + Level 2.0 Polearms
 + Level 2.8 Armour
 + Level 0.5 Dodging
 + Level 2.8 Shields


You had one spell level left.
You didn't know any spells.
Your spell library contained the following spells:

 Spells                   Type           Power      Damage    Failure   Level
 Sublimation of Blood     Necr           0%         N/A       96%         2
 Wereblood                Tmut           0%         N/A       96%         2
 Summon Hydra             Summ           0%         N/A       100%        7


Dungeon Overview and Level Annotations

Branches:
Dungeon (2/15)

Altars:


Innate Abilities, Weirdness & Mutations

You are partially covered in sharp spines.


Message History

Found a human skeleton.
No target in view!
j - 2 silvery potions No target in view!
A gnoll comes into view. It is wielding a +2 vorpal halberd.
The gnoll shouts!
You hear an angry hiss.
You hear a shout!
A gnoll comes into view. It is wielding a +0 club.
An adder comes into view.
A gnoll comes into view. It is wielding a +0 halberd.
There are monsters nearby!
There are monsters nearby!
The gnoll barely misses you.
There are monsters nearby!
You reach to attack!
You miss the adder. The gnoll barely misses you. You block the adder's attack.
The gnoll closely misses you.
There are monsters nearby!
You closely miss the gnoll. You block the adder's attack.
The gnoll barely misses you. The gnoll is struck by your spines.
The gnoll hits you with a +0 club. The gnoll barely misses you.
You hit the gnoll but do no damage.
The gnoll is lightly wounded.
The adder bites you but does no damage.
The gnoll hits you from afar with a +2 vorpal halberd.
You block the gnoll's attack. The adder bites you but does no damage.
The gnoll barely misses you.
Unknown command.
You puncture the gnoll!
The gnoll is severely wounded.
The adder barely misses you. The gnoll barely misses you.
The gnoll is struck by your spines. The gnoll hits you with a +0 club.
The gnoll closely misses you.
Unknown command.
You puncture the gnoll!
You kill the gnoll!
The adder closely misses you. The gnoll closely misses you.
The gnoll hits you from afar with a +0 halberd!
The adder bites you.
* * * LOW HITPOINT WARNING * * *
The gnoll hits you from afar with a +2 vorpal halberd!
You die...

# #......... ..##
........ ....#####
....... ........#
..... #. #.....<##
##.... ..# #.......#
#..gg# #.# .
.........# #..)S#
#^# .. #........#
#...@# #.# ...
##.#####.## ####.#
#.# .... # #..#
#.###.##..# ##.#
#.........# #.###
####....#.# #...#
###.#..#
#..####.#####...#..#
................#..#
.##...##.####...#...


You could see 2 gnolls and an adder.

Vanquished Creatures
  A gnoll (D:2)
  An endoplasm (D:1)
  3 giant cockroaches (D:1)
  2 goblins (D:1)
  4 hobgoblins (D:1)
  A kobold (D:1)
  4 rats (D:1)
  3 bushes (D:1)
19 creatures vanquished.

Vanquished Creatures (others)
  2 plants (D:1)
2 creatures vanquished.

Grand Total: 21 creatures vanquished

Notes
Turn   | Place    | Note
-------+----------+-------------------------------------------
     0 | D:1      | Sin92 the Demonspawn Fighter began the quest for the Orb.
     0 | D:1      | Reached XP level 1. HP: 18/18 MP: 1/1
   228 | D:1      | Gained mutation: You are partially covered in sharp spines.
                  | [demonic ancestry]
   228 | D:1      | Reached XP level 2. HP: 22/24 MP: 2/2
  1339 | D:2      | Slain by a gnoll

Illustrated notes

Levels and vault maps discovered:
D:1:      minmay_arrival_four_houses, layout_loops_ring, serial_forest,
          infiniplex_forest_lined_1, infiniplex_forest_end_3,
          infiniplex_forest_straight_2, infiniplex_forest_end_2,
          infiniplex_forest_straight_3, infiniplex_forest_side_room,
          infiniplex_forest_clump_curved, infiniplex_forest_end_2,
          infiniplex_forest_lined_3, infiniplex_forest_split,
          minmay_tetromino_t2
D:2:      cheibrodos_greedy_goblins, layout_rooms,
          shapermc_ecumenical_altar_pompeii, minmay_3d_cube

Skill      XL: |  1  2 |
---------------+-------+-----
Polearms       | 2 |  2.0
Fighting       | |  3.1
Armour         | |  2.8
Dodging        | |  0.5
Shields        | |  2.8

Action                   || total
-------------------------++-------
Melee: Trident           ||   327
Armor: Scale mail        ||    12
Dodge: Dodged            ||    18
Block: Buckler           ||     8
